 Dungeon Crawl Stone Soup version 0.29-b1-12-g9e2288ab2a (webtiles) character file.

Game seed: 4287816506412731732

70 Iusername the Trooper (level 4, 0/41 HPs)
             Began as a Minotaur Fighter on Aug 23, 2022.
             Succumbed to a goblin's poison
             ... on level 2 of the Dungeon.
             The game lasted 00:02:53 (1802 turns).

Iusername the Trooper (Minotaur Fighter)            Turns: 1802, Time: 00:02:53

Health: 0/41       AC:  8    Str: 22    XL:     4   Next: 3%
Magic:  3/3        EV:  9    Int:  5    God:
Gold:   82         SH:  4    Dex: 10    Spells: 3/3 levels left

rFire   . . .      SeeInvis .   a - +0 long sword
rCold   . . .      Faith    .   c - +0 buckler
rNeg    . . .      Spirit   .   b - +0 scale mail
rPois   .          Reflect  .   (helmet restricted)
rElec   .          Harm     .   (no cloak)
rCorr   .          Rampage  .   (no gloves)
Will    .....                   e - +0 pair of boots
Stlth   ..........              (no amulet)
HPRegen 0.13/turn               (no ring)
MPRegen 0.08/turn               (no ring)

@: lethally poisoned (0 -> -12), attractive, hasted, very quick
A: horns 2, retaliatory headbutt
a: no special abilities


You were on level 2 of the Dungeon.
You visited 1 branch of the dungeon, and saw 2 of its levels.

You collected 82 gold pieces.

Inventory:

Hand Weapons
 a - a +0 long sword (weapon)
Armour
 b - a +0 scale mail (worn)
 c - a +0 buckler (worn)
 e - a +0 pair of boots (worn)
Jewellery
 m - a ring of magical power
 n - an amulet of magic regeneration
Scrolls
 f - a scroll of amnesia {unknown}
 g - 2 scrolls of teleportation {unknown}
 h - 4 scrolls of identify {unknown}
 k - a scroll of blinking {unknown}
Potions
 d - a potion of might
 l - a potion of attraction


   Skills:
 + Level 4.5 Fighting
 + Level 3.1 Long Blades
 + Level 4.3 Armour
 + Level 4.1 Shields


You had 3 spell levels left.
You didn't know any spells.
Your spell library contained the following spells:

 Spells                   Type           Power      Damage    Failure   Level
 Call Imp                 Summ           0%         N/A       95%         2
 Passwall                 Tmut/Erth      0%         N/A       95%         2
 Haunt                    Necr/Summ      0%         N/A       100%        7


Dungeon Overview and Level Annotations

Branches:
Dungeon (2/15)

Altars:


Innate Abilities, Weirdness & Mutations

You have a pair of horns on your head.
You reflexively headbutt those who attack you in melee.


Message History

You are poisoned.
There are monsters nearby!
You closely miss the goblin.
You feel very sick. You block the goblin's attack.
There are monsters nearby!
You hit the gnoll but do no damage.
You feel sick. The gnoll hits you with a +0 club.
The goblin hits you with a +2 dagger of venom.
You are more poisoned.
The gnoll hits you but does no damage.
The goblin hits you with a +2 dagger of venom.
You are lethally poisoned!
It was a potion of cancellation.
You feel magically purged.
You feel very sick. The gnoll hits you but does no damage.
The goblin barely misses you.
It was a potion of haste.
You feel yourself speed up.
You feel very sick. The gnoll hits you but does no damage.
The goblin hits you but does no damage.
You are more poisoned.
It was a potion of attraction.
You feel attractive to monsters.
You feel very sick.
You hit the goblin.
You kill the goblin!
* * * LOW HITPOINT WARNING * * *
You feel very sick. The gnoll hits you but does no damage.
* * * LOW HITPOINT WARNING * * *
You feel very sick. The gnoll hits you but does no damage.
Things that are here:
a +2 dagger of venom; a goblin corpse You hit the gnoll but do no damage.
* * * LOW HITPOINT WARNING * * *
You feel very sick. The gnoll closely misses you.
You slash the gnoll! You headbutt the gnoll.
The gnoll is almost dead.
You die...

...#.....#.....#.#+#######
...#.....#.....#.......#
...#...........'.......#
...#.....#.....#.......#
...#####...............#
...# .#.####........#
....# #....######...#
...... #....).g..#...#
......# ######.@..#...#
#.....# #....####.#...#
...### #.........#...#
#.####....#...#
#....######...#
#.........#...#
######.)..#...# ####.#...#
#...###


You could see a gnoll.

Vanquished Creatures
  An adder (D:2)
  2 worms (D:2)
  A dart slug (D:1)
  2 ball pythons
  6 bats
  5 endoplasms
  A giant cockroach (D:1)
  9 goblins
  6 hobgoblins
  2 kobolds
  3 quokkas
  5 frilled lizards
  2 rats (D:1)
45 creatures vanquished.

Notes
Turn   | Place    | Note
-------+----------+-------------------------------------------
     0 | D:1      | Iusername the Minotaur Fighter began the quest for the Orb.
     0 | D:1      | Reached XP level 1. HP: 19/19 MP: 0/0
   155 | D:1      | Reached XP level 2. HP: 20/27 MP: 1/1
   227 | D:1      | Got Daatupi's Cyclopedia of the Generative Rocks
   489 | D:1      | Reached XP level 3. HP: 33/33 MP: 2/2
   547 | D:1      | Found a faded altar of an unknown god.
  1041 | D:2      | Identified the +2 short sword "Atim" {drain, Contam rC+
                  | Int+4}
  1147 | D:2      | Reached XP level 4. HP: 11/41 MP: 3/3
  1802 | D:2      | Succumbed to a goblin's poison

Illustrated notes

Levels and vault maps discovered:
D:1:      dpeg_arrival_tiny_d, layout_loops_cross,
          hellmonk_ecumenical_altar_inner_sanctum
D:2:      minmay_angry_zag, layout_basic, minmay_misc_feat_rows, hex_large,
          uniq_terence

Skill      XL: |  1  2  3 |
---------------+----------+-----
Fighting       | 4 |  4.5
Shields        | 4 |  4.1
Armour         | 4 |  4.3
Long Blades    | 3 |  3.1

Action                   |  1- 3 |  4- 6 || total
-------------------------+-------+-------++-------
Melee: Long sword        |   102 |     7 ||   109
       Headbutt          |    13 |     1 ||    14
  Use: Potion            |       |     3 ||     3
Armor: Scale mail        |    53 |     8 ||    61
Dodge: Dodged            |    42 |     2 ||    44
Block: Buckler           |    24 |     1 ||    25
